Match 45184571
Unlisted

Match 45184571
End
Selects Air and Sea Battlegroup
Construct Section Command Post
Royal Engineer Section
Dingo Light Scout Car
Vickers Machine Gun Team
Infantry Section
Infantry Section
Construct Platoon Command Post
Unlock M3 Stuart Light Tanks
Selects Commando Section Paradrop
6-pounder Anti-tank Gun Team
M3 Stuart Light Tank
Commando Section Paradrop
Selects M1 Pack Howitzer Paradrop
6-pounder Anti-tank Gun Team
Construct Company Command Post
Unlock M3 Grant Medium Tanks
Selects Supply Surplus
Selects UNKNOWN (223837)
M3 Grant Medium Tank
Team Weapon Training
Foot Guards Section
M3 Grant Medium Tank
Selects Incendiary Bombing Run
Incendiary Bombing Run
Commando Section Paradrop
Selects Assault Flares
M3 Grant Medium Tank
Assault Flares
Armored Vehicle Training
Incendiary Bombing Run
M3 Grant Medium Tank
Assault Flares
M1 Pack Howitzer Paradrop
♥ ~Lady Rytsu~ ♥
PAX AJAX
Seocheon
북닥의신
0
0

Comments sign in to comment!

No comments posted yet!